AoeStats
← Ndrangheta

Glade

510624068Analyzed
1v1 RM · 1d ago on Oct 1, 2026· 37m 35s· 2 players
Game mode
Random Map
Map size
Tiny (2 player)
Population
200
Speed
Normal
Resources
Standard
Victory
Conquest
Starting age
Dark Age
Ending age
Imperial Age
RankedLock teamsTeams togetherTeam positionsShared explorationLock speedFull tech treeHidden civsTurbo modeCheats
Victory
Defeat
🇦🇷 Bohemians · Argentina
1495
+18
🇹🇷 Chinese · Türkiye
1540
-18
Ndrangheta
10:49 Feudal Age
12:02 Loom
14:53 Castle Age
14:53 Double-Bit Axe
14:50 Horse Collar
18:21 Bow Saw
23:09 Town Watch
24:37 Wheelbarrow
24:40 Sanctity
24:30 Fervor
26:49 Wagenburg Tactics
28:02 Fletching
31:44 Imperial Age
30:43 Hand Cart
32:01 Redemption
32:21 Bodkin Arrow
32:33 Scale Barding Armor
33:41 Block Printing
34:30 Chain Barding Armor
35:17 Conscription
35:46 Illumination
35:56 Theocracy
36:52 Theocracy
36:46 Bracer
36:57 Capped Ram
[OGL] antibiyotik
0:25 Loom
10:45 Feudal Age
15:46 Castle Age
14:10 Double-Bit Axe
14:07 Horse Collar
18:12 Wheelbarrow
17:59 Town Watch
19:56 Bow Saw
20:19 Squires
20:28 Scale Mail Armor
25:47 Hand Cart
31:26 Imperial Age
Connection lost

Rejoining the realm…

Still unreachable

The connection could not be restored.

Session expired

The server has moved on; the page needs a fresh start.